 Dungeon Crawl Stone Soup version 0.28.0-45-g0d030f2227 (webtiles) character file.

Game seed: 11838471502762710109

72 AnnaDunkelherz the Sneak (level 4, -2/31 HPs)
             Began as a Vampire Enchanter on Apr 16, 2022.
             Slain by an adder (4 damage)
             ... on level 3 of the Dungeon.
             The game lasted 00:20:16 (2363 turns).

AnnaDunkelherz the Sneak (Vampire Enchanter)        Turns: 2363, Time: 00:20:17

Health: -2/31      AC:  5    Str:  7    XL:     4   Next: 7%
Magic:  7/7        EV: 10    Int: 19    God:
Gold:   75         SH:  0    Dex: 14    Spells: 7/7 levels left

rFire   . . .      SeeInvis +   a - +1 dagger
rCold   . . .      Faith    .   (no shield)
rNeg    . . .      Spirit   .   f - +0 ring mail
rPois   .          Reflect  .   (no helmet)
rElec   .          Harm     .   (no cloak)
rCorr   .          Rampage  .   (no gloves)
Will    .....                   (no boots)
Stlth   ++........              (no amulet)
HPRegen 0.30/turn               (no ring)
MPRegen 0.10/turn               (no ring)

@: lethally poisoned (-2 -> -12), healing quickly, invisible
A: alive, fangs 3, see invisible, vampiric 2
a: Exsanguinate


You were on level 3 of the Dungeon.
You visited 1 branch of the dungeon, and saw 3 of its levels.

You collected 75 gold pieces.

Inventory:

Hand Weapons
 a - a +1 dagger (weapon)
 g - a +0 club
 h - a +0 dagger
 n - a +0 club
 p - a +0 short sword
 r - a +0 club
 s - a +0 club
 u - a +0 club
 x - a +0 dagger
 y - a +0 short sword
 A - a +0 whip
 C - a +0 long sword
 E - a +0 flail
 G - a +0 dagger
Missiles
 i - 74 stones (quivered)
 o - 19 arrows
Armour
 b - a +0 robe
 d - a +0 robe
 f - a +0 ring mail (worn)
 m - a +0 robe
 t - a +0 robe
 w - +0 fire dragon scales
Scrolls
 k - a scroll of enchant armour {unknown}
 q - a scroll of teleportation {unknown}
 v - a scroll of brand weapon {unknown}
 H - a scroll of identify {unknown}
Potions
 e - a potion of magic {unknown}
 j - 2 potions of brilliance {unknown}
 l - 2 potions of flight {unknown}
 z - 2 potions of curing {unknown}
 B - a potion of attraction {unknown}
 D - a potion of mutation {unknown}
 F - a potion of might {unknown}


   Skills:
 + Level 0.6 Fighting
 + Level 2.1 Short Blades
 + Level 1.2 Armour
 + Level 2.6 Dodging
 + Level 5.2 Stealth
 + Level 2.1 Spellcasting
 + Level 4.9 Hexes


You had 7 spell levels left.
You didn't know any spells.
Your spell library contained the following spells:

 Spells                   Type           Power      Damage    Failure   Level
 Confusing Touch          Hex            20%        N/A       22%         3
 Tukima's Dance           Hex            20%        N/A       22%         3
 Ensorcelled Hibernation  Hex/Ice        22%        N/A       32%         2
 Dazzling Flash           Conj/Hex       22%        N/A       54%         3
 Blink                    Tloc           2%         N/A       65%         2
 Ignite Poison            Fire/Tmut/Pois 1%         N/A       86%         3
 Lesser Beckoning         Tloc           1%         N/A       86%         3
 Mephitic Cloud           Conj/Pois/Air  1%         N/A       86%         3
 Freezing Cloud           Conj/Ice/Air   0%         6-21      100%        5
 Manifold Assault         Tloc           1%         N/A       100%        5


Dungeon Overview and Level Annotations

Branches:
Dungeon (3/15)

Altars:
Xom


Innate Abilities, Weirdness & Mutations

Your natural rate of healing is accelerated.
You have razor-sharp teeth.
You have supernaturally acute eyesight. (SInv)
You are afflicted with vampirism and can become a bat while bloodless.


Message History

You barely miss the adder.
The adder is severely wounded.
The adder bites you.
* * * LOW HITPOINT WARNING * * *
The giant cockroach barely misses you.
You miss the adder. Your bite misses the adder.
The adder is severely wounded.
The adder bites you.
* * * LOW HITPOINT WARNING * * *
The giant cockroach barely misses you. The adder closely misses you.
You barely miss the adder.
The adder is severely wounded.
The giant cockroach bites you but does no damage.
The adder bites you but does no damage.
You hit the adder but do no damage. Your bite misses the adder.
The adder is severely wounded.
The adder barely misses you. The giant cockroach bites you.
* * * LOW HITPOINT WARNING * * *
You miss the adder.
The adder is severely wounded.
The adder barely misses you.
The giant cockroach bites you but does no damage.
You barely miss the adder.
The adder is severely wounded.
The adder bites you but does no damage. The giant cockroach misses you.
You completely miss the adder.
The adder is severely wounded.
The adder bites you.
* * * LOW HITPOINT WARNING * * *
You are lethally poisoned!
The adder poisons you! The giant cockroach bites you.
* * * LOW HITPOINT WARNING * * *
You fade into invisibility!
* * * LOW HITPOINT WARNING * * *
You feel sick. The adder bites you.
* * * LOW HITPOINT WARNING * * *
You are more poisoned.
The adder poisons you! The giant cockroach barely misses you.
The adder bites you.
You die...

# . ######### ########
#.#...#.###...##.#
†....>........##.#
).............##.#####
...............B@S...#
......#.##.#..########
..............#
#.....#.##.##.#
...........##.#
#....##.#..##.#
#...........†.#
....###.#..#..######
##.................#


You could see an adder and a giant cockroach.

Vanquished Creatures
  A worm (D:2)
  4 dart slugs
  An orc (D:3)
  5 ball pythons
  4 bats
  4 endoplasms
  3 giant cockroaches
  2 hobgoblins (D:2)
  9 jackals
  A quokka (D:2)
  5 frilled lizards
  6 goblins
  8 kobolds
  3 rats
56 creatures vanquished.

Vanquished Creatures (others)
  A ball python (D:2)
  A kobold (D:2)
2 creatures vanquished.

Grand Total: 58 creatures vanquished

Notes
Turn   | Place    | Note
-------+----------+-------------------------------------------
     0 | D:1      | AnnaDunkelherz the Vampire Enchanter began the quest for
                  | the Orb.
     0 | D:1      | Reached XP level 1. HP: 13/13 MP: 3/3
   224 | D:1      | Reached XP level 2. HP: 13/19 MP: 5/5
   892 | D:2      | Reached skill level 5 in Stealth
  1055 | D:2      | Gained mutation: You are afflicted with vampirism and can
                  | become a bat while bloodless. [Vampire growth]
  1055 | D:2      | Reached XP level 3. HP: 23/24 MP: 6/6
  1455 | D:2      | Reached skill level 1 in Armour
  2203 | D:3      | Found a shimmering altar of Xom.
  2296 | D:3      | Reached XP level 4. HP: 31/31 MP: 7/7
  2363 | D:3      | Slain by an adder

Illustrated notes

Levels and vault maps discovered:
D:1:      mrwooster_arrival_statue_2, layout_loops_ring, basic_ecumenical_altar
D:2:      layout_basic, dk_noncrumbling_4, lemuel_old_faithful
D:3:      layout_basic, palyth_temple_overflow_mages, general_overflow_altar,
          mainiacjoe_overflow_cross_hatched, mainiacjoe_overflow_boulevard,
          cheibrodos_sewer_entry_drain, serial_curves, eino_curves_04,
          eino_curves_04, eino_curves_04, eino_curves_03,
          nicolae_underground_beach

Skill      XL: |  1  2  3 |
---------------+----------+-----
Stealth        | 5 |  5.2
Short Blades   | 2 |  2.1
Armour         | 1 |  1.2
Fighting       | |  0.6
Dodging        | |  2.6
Spellcasting   | |  2.1
Hexes          | |  4.9

Action                   |  1- 3 |  4- 6 || total
-------------------------+-------+-------++-------
Melee: Dagger            |   259 |    36 ||   295
       Bite              |    31 |     2 ||    33
       Punch             |     1 |       ||     1
  Use: Potion            |       |     1 ||     1
 Stab: Sleeping          |     7 |       ||     7
Armor: Ring mail         |   133 |    25 ||   158
Dodge: Dodged            |   171 |    39 ||   210
